 Dungeon Crawl Stone Soup version 0.17.0 (webtiles) character file.

3570 Eucla the Cleaver (level 9, -10/82 HPs)
             Began as a Minotaur Gladiator on Nov 11, 2015.
             Was an Elder of Makhleb.
             Mangled by an ogre
             ... wielding a +0 giant spiked club
              (20 damage)
             ... on level 9 of the Dungeon.
             The game lasted 00:08:08 (6953 turns).

Eucla the Cleaver (Minotaur Gladiator)              Turns: 6953, Time: 00:08:08

Health: -10/82     AC:  7    Str: 21    XL:     9   Next: 84%
Magic:  8/8        EV: 17    Int:  5    God:    Makhleb [****..]
Gold:   346        SH:  0    Dex: 17    Spells: 0 memorised, 8 levels left

rFire  + . .     SeeInvis .     a - +0 war axe
rCold  . . .     Clarity  .     A - -1 ring mail (curse)
rNeg   . . .     SustAt   .     (no shield)
rPois  .         Gourm    .     c - +0 hat
rElec  .         Spirit   .     k - +0 cloak
rCorr  .         Warding  .     (no gloves)
rMut   .         Rnd*Tele +     (no boots)
MR     +....                    N - amulet of rage
Stlth  +.........               q - ring of teleportation (curse)
                                O - ring of Liberty {rF+ MR+ Dex+4}

@: studying Short Blades, somewhat resistant to hostile enchantments, very
unstealthy
A: retaliatory headbutt, horns 2
a: Minor Destruction, Lesser Servant of Makhleb, Major Destruction, Renounce
Religion, Evoke Berserk Rage, Evoke Teleportation


You were on level 9 of the Dungeon.
You worshipped Makhleb.
Makhleb was greatly pleased with you.
You were hungry.

You visited 1 branch of the dungeon, and saw 9 of its levels.

You collected 379 gold pieces.
You spent 33 gold pieces at shops.

Inventory:

Hand Weapons
 a - a +0 war axe (weapon)
Missiles
 d - 3 throwing nets (quivered)
Armour
 b - a +0 leather armour
 c - a +0 hat (worn)
 k - a +0 cloak (worn)
 l - a +0 ring mail
 A - a cursed -1 ring mail (worn)
 G - a +1 scale mail of cold resistance
Jewellery
 o - an uncursed ring of poison resistance
 q - a cursed ring of teleportation (right hand)
 y - an uncursed ring of ice {unknown}
 C - an uncursed ring of fire {unknown}
 N - an amulet of rage (around neck)
 O - the ring of Liberty (left hand) {rF+ MR+ Dex+4}
   (You found it on level 6 of the Dungeon)

   [ring of protection from magic]

   It affects your dexterity (+4).
   It protects you from fire.
   It affects your resistance to hostile enchantments.
 T - a +4 ring of strength {unknown}
 W - a +3 ring of evasion {unknown}
Wands
 I - a wand of fireball (7)
 M - a wand of cold (3)
Scrolls
 g - 4 scrolls of remove curse {unknown}
 n - 8 scrolls of identify {unknown}
 r - 2 scrolls of enchant armour {unknown}
 t - 5 scrolls of teleportation {unknown}
 u - a scroll of amnesia {unknown}
 v - a scroll of recharging {unknown}
 x - a scroll of silence {unknown}
 D - a scroll of noise {unknown}
 E - 2 scrolls of blinking {unknown}
 F - 2 scrolls of fog {unknown}
 H - 3 scrolls of enchant weapon {unknown}
 L - a scroll of immolation {unknown}
 P - a scroll of random uselessness {unknown}
 R - a scroll of vulnerability {unknown}
 U - 3 scrolls of magic mapping {unknown}
Potions
 f - a potion of flight {unknown}
 i - 2 potions of curing
 j - 2 potions of resistance {unknown}
 m - a potion of invisibility
 s - 2 potions of cure mutation {unknown}
 z - 2 potions of heal wounds {unknown}
 B - 2 potions of brilliance {unknown}
 J - 2 potions of mutation {unknown}
 Q - a potion of haste {unknown}
 V - a potion of magic {unknown}
 Y - a potion of degeneration {unknown}
 Z - a potion of lignification {unknown}
Books
 K - a book of Geomancy

   Spells                             Type                      Level
   a - Sandblast                      Earth                        1
   b - Stoneskin                      Transmutation/Earth          2
   c - Passwall                       Transmutation/Earth          3
   d - Stone Arrow                    Conjuration/Earth            3
   e - Petrify                        Transmutation/Earth          4
   f - Lee's Rapid Deconstruction     Earth                        5
 X - a manual of Short Blades
Comestibles
 e - 9 bread rations
 h - 6 beef jerkies
 p - 8 meat rations
 w - 9 slices of pizza
 S - a royal jelly


   Skills:
 + Level 8.5 Fighting
 + Level 9.1 Axes
 - Level 2.0 Throwing
 + Level 8.6 Armour
 + Level 8.6 Dodging


You had 8 spell levels left.
You didn't know any spells.

Dungeon Overview and Level Annotations

Branches:
Dungeon (9/15)             Temple (0/1) D:7             Orc (0/4) D:9
   Lair: D:8-11

Altars:
Fedhas
Makhleb
Ru
Sif Muna
Vehumet
Xom

Shops:
D:4 *   D:8 (

Annotations:
D:7 Prince Ribbit


Innate Abilities, Weirdness & Mutations

You reflexively headbutt those who attack you in melee.
You have a pair of horns on your head.


Message History

A giant frog skeleton comes into view.
You closely miss the wyvern. You headbutt the wyvern.
The wyvern is almost dead.
You hit the ogre.
The ogre is moderately wounded.
The wyvern bites you!
* * * LOW HITPOINT WARNING * * *
The ogre misses you. You furiously retaliate!
You headbutt the ogre.
You are too injured to fight recklessly!
You are too injured to fight recklessly!
The wyvern completely misses you. You furiously retaliate!
You headbutt the wyvern, but do no damage.
You closely miss the wyvern. Your headbutt misses the wyvern.
The wyvern is almost dead.
The wyvern barely misses you. The wyvern bites you!
* * * LOW HITPOINT WARNING * * *
Unknown command.
The wyvern bites you but does no damage.
The ogre hits you with a giant spiked club!!
You die...

....'...+ .. #####...# #.##
#.....### ##...
....#.########...########
#.#.#......##....'.......
#.#'######.##....##############
.......#........Z..#..........#
.......'........Ol.....}..>##.###
.......#........@#..####.........
.......###'##....#..#.........###
.......+...##....#..#.##.........
.......###.##....#......<....#..#
#'###.......#....#..#.###....#..#
#.# #..#......####........#.....#
#.###..#.##.#########........#.##
#......#.##.# #.............#...
#####.##'##+####.################


You could see a wyvern, an ogre and a giant frog skeleton.

Vanquished Creatures
  Pikel (D:7)
  Grinder (D:6)
  A yak (D:7)
  A human (D:7)
  A water moccasin (D:6)
  A sky beast (D:7)
  5 ogres
  4 slaves (D:7)
  2 centaurs
  3 giant frogs
  A big kobold (D:7)
  3 scorpions
  A water moccasin skeleton (D:6)
  A centaur zombie (D:9)
  3 crimson imps
  A giant frog zombie (D:4)
  A quasit (D:9)
  4 hounds
  3 jellies
  3 orc priests
  7 orc wizards
  A giant frog skeleton (D:9)
  7 worker ants
  Jessica (D:2)
  Natasha (thrice) (D:4)
  3 sheep (D:7)
  A hound skeleton (D:5)
  Robin (D:2)
  11 adders
  4 shadow imps
  An ooze (D:4)
  An adder zombie (D:6)
  A worm (D:2)
  An adder skeleton (D:4)
  3 giant geckos
  33 orcs
  5 ball pythons
  10 bats
  4 giant cockroaches
  14 goblins
  10 hobgoblins
  13 jackals
  3 quokkas
  5 giant newts
  19 kobolds
  11 rats
214 creatures vanquished.

Notes
Turn   | Place    | Note
--------------------------------------------------------------
     0 | D:1      | Eucla the Minotaur Gladiator began the quest for the Orb.
     0 | D:1      | Reached XP level 1. HP: 18/18 MP: 0/0
   169 | D:1      | Reached XP level 2. HP: 23/25 MP: 1/1
   200 | D:1      | Reached skill level 1 in Armour
   253 | D:1      | Reached skill level 4 in Axes
   279 | D:1      | Reached XP level 3. HP: 21/30 MP: 2/2
   480 | D:2      | Noticed Robin
   552 | D:2      | Killed Robin
   683 | D:2      | Reached XP level 4. HP: 23/38 MP: 3/3
   702 | D:2      | Noticed Jessica
   706 | D:2      | Killed Jessica
  1458 | D:3      | Reached XP level 5. HP: 31/46 MP: 4/4
  1696 | D:3      | Reached skill level 5 in Axes
  1696 | D:3      | Reached XP level 6. HP: 38/52 MP: 5/5
  2040 | D:3      | Found a burning altar of Makhleb.
  2201 | D:3      | Became a worshipper of Makhleb the Destroyer
  2270 | D:4      | Noticed Natasha
  2276 | D:4      | Killed Natasha
  2276 | D:4      | Reached skill level 5 in Dodging
  2349 | D:4      | Noticed Natasha
  2355 | D:4      | Killed Natasha
  2872 | D:4      | Reached XP level 7. HP: 41/60 MP: 6/6
  2929 | D:4      | Reached skill level 5 in Fighting
  2939 | D:4      | Found Cizuadec's General Store.
  2943 | D:4      | Reached * piety under Makhleb
  2948 | D:4      | Bought a potion of curing for 33 gold pieces
  2996 | D:4      | Noticed Natasha
  3000 | D:4      | Killed Natasha
  3158 | D:5      | Entered Level 5 of the Dungeon
  3238 | D:5      | Found a blossoming altar of Fedhas.
  3246 | D:5      | Found a sacrificial altar of Ru.
  3319 | D:5      | Reached skill level 6 in Axes
  3415 | D:5      | Reached skill level 5 in Armour
  3908 | D:5      | Found a radiant altar of Vehumet.
  4145 | D:6      | Reached ** piety under Makhleb
  4245 | D:6      | Reached XP level 8. HP: 60/70 MP: 7/7
  4262 | D:6      | Got a steaming marble ring
  4267 | D:6      | Identified the ring of Liberty {rF+ MR+ Dex+4} (You found it on level 6 of the Dungeon)
  4325 | D:6      | Reached skill level 7 in Axes
  4351 | D:6      | Noticed Grinder
  4622 | D:6      | Killed Grinder
  5325 | D:7      | Found a shimmering altar of Xom.
  5347 | D:7      | Reached XP level 9. HP: 69/79 MP: 8/8
  5350 | D:7      | Reached *** piety under Makhleb
  5377 | D:7      | Noticed Pikel
  5414 | D:7      | Killed Pikel
  5414 | D:7      | Reached skill level 8 in Axes
  5500 | D:7      | Found a staircase to the Ecumenical Temple.
  5533 | D:7      | Noticed Prince Ribbit
  5808 | D:7      | Found a deep blue altar of Sif Muna.
  6066 | D:8      | Found a shimmering altar of Xom.
  6099 | D:8      | Found Kiboib's Antique Weapon Shop.
  6131 | D:8      | Reached **** piety under Makhleb
  6628 | D:9      | Reached skill level 9 in Axes
  6786 | D:9      | Found a staircase to the Orcish Mines.
  6953 | D:9      | Mangled by an ogre

Action                   |  1- 3 |  4- 6 |  7- 9 || total
-------------------------+-------+-------+-------++-------
Melee: War axe           |    68 |   155 |   324 ||   547
Evoke: Wand              |       |       |     1 ||     1
  Eat: Chunk             |       |     7 |     8 ||    15
       Fruit             |       |       |     5 ||     5
